 Dungeon Crawl Stone Soup version 0.27-a0-1557-g57f10a385c (webtiles) character file.

Game seed: 17723976821993997562

107 Sin92 the Shield-Bearer (level 4, 0/40 HPs)
             Began as a Minotaur Fighter on July 15, 2021.
             Slain by Natasha (2 damage)
             ... on level 2 of the Dungeon.
             The game lasted 00:00:59 (1427 turns).

Sin92 the Shield-Bearer (Minotaur Fighter)          Turns: 1427, Time: 00:01:00

Health: 0/40       AC:  7    Str: 22    XL:     4   Next: 57%
Magic:  3/3        EV:  8    Int:  5    God:
Gold:   43         SH:  9    Dex:  9    Spells: 3/3 levels left

rFire    . . .     SeeInvis .   a - +0 war axe
rCold    . . .     Faith    .   c - +0 kite shield
rNeg     . . .     Spirit   .   b - +0 scale mail
rPois    .         Reflect  .   (helmet restricted)
rElec    .         Harm     .   (no cloak)
rCorr    .         Rampage  .   (no gloves)
Will     .....                  (no boots)
Stlth    ..........             (no amulet)
HPRegen  0.13/turn              (no ring)
MPRegen  0.08/turn              (no ring)

@: hasted, very quick
A: horns 2, retaliatory headbutt
a: no special abilities


You were on level 2 of the Dungeon.
You visited 1 branch of the dungeon, and saw 2 of its levels.

You collected 43 gold pieces.

Inventory:

Hand Weapons
 a - a +0 war axe (weapon)
Armour
 b - a +0 scale mail (worn)
 c - a +0 kite shield (worn)
Jewellery
 k - a +4 ring of protection
Scrolls
 e - 2 scrolls of identify {unknown}
 f - 2 scrolls of enchant weapon {unknown}
 h - a scroll of teleportation {unknown}
Potions
 d - a potion of might
 i - a potion of magic {unknown}
 j - a potion of flight {unknown}
 l - a potion of brilliance {unknown}


   Skills:
 + Level 4.2 Fighting
 * Level 3.9 Axes
 + Level 4.2 Armour
 + Level 1.5 Dodging
 + Level 4.3 Shields


You had 3 spell levels left.
You didn't know any spells.
Your spell library contained the following spells:

 Spells                   Type           Power      Damage    Failure   Level
 Animate Skeleton         Necr           0%         N/A       99%         1
 Static Discharge         Conj/Air       0%         N/A       100%        2
 Summon Lightning Spire   Summ/Air       0%         N/A       100%        4
 Borgnjor's Vile Clutch   Necr/Erth      0%         N/A       100%        5


Dungeon Overview and Level Annotations

Branches:
Dungeon (2/15)

Altars:

Annotations:
D:2 Natasha


Innate Abilities, Weirdness & Mutations

You have a pair of horns on your head.
You reflexively headbutt those who attack you in melee.


Message History

There are monsters nearby!
Natasha claws you but does no damage.
Unknown command.
You barely miss Natasha. Your headbutt misses Natasha. Natasha claws you.
There are monsters nearby!
Unknown command.
You closely miss Natasha. Your headbutt misses Natasha. Natasha claws you. x2
Unknown command.
There are monsters nearby!
You hit Natasha but do no damage. Your headbutt misses Natasha.
You slash the hobgoblin!
You kill the hobgoblin!
Natasha casts a spell at you. The magic dart hits you!
Natasha is nearby!
Unknown command.
You are too injured to fight recklessly!
Unknown command.
Natasha is nearby!
You are too injured to fight recklessly!
Natasha is nearby!
Unknown command.
You are too injured to fight recklessly!
Unknown command.
Natasha is nearby!
You are too injured to fight recklessly!
You closely miss Natasha. Natasha claws you. x2
You miss Natasha. Natasha claws you!
* * * LOW HITPOINT WARNING * * *
Unknown command.
You closely miss Natasha.
Natasha mumbles some strange words.
Natasha closely misses you.
You closely miss Natasha. Your headbutt misses Natasha.
You hit the crimson imp but do no damage.
Natasha claws you.
* * * LOW HITPOINT WARNING * * *
The crimson imp hits you but does no damage.
It was a potion of haste.
You feel yourself speed up. Natasha claws you.
You die...

.....##..[...........
........................
........................
........................
........................
..................#.....
.................###...<
......†5....###### #####
......h@....#
..>........##
....#.....## ..# #######
#


You could see Natasha and a crimson imp (summoned).

Vanquished Creatures
  Natasha (twice) (D:2)
  An adder skeleton (D:2)
  A dart slug (D:1)
  3 ball pythons (D:1)
  6 endoplasms
  6 goblins
  5 hobgoblins
  5 jackals
  4 kobolds
  6 bats (D:1)
  7 frilled lizards (D:1)
  A quokka zombie (D:2)
47 creatures vanquished.

Notes
Turn   | Place    | Note
-------+----------+-------------------------------------------
     0 | D:1      | Sin92 the Minotaur Fighter began the quest for the Orb.
     0 | D:1      | Reached XP level 1. HP: 19/19 MP: 0/0
    75 | D:1      | Reached XP level 2. HP: 22/27 MP: 1/1
   469 | D:1      | Found a faded altar of an unknown god.
   476 | D:1      | Reached XP level 3. HP: 32/33 MP: 2/2
   479 | D:1      | Reached skill level 1 in Dodging
  1098 | D:2      | Noticed Natasha
  1103 | D:2      | Killed Natasha
  1104 | D:2      | Reached XP level 4. HP: 37/40 MP: 3/3
  1105 | D:2      | Noticed Natasha
  1115 | D:2      | Killed Natasha
  1335 | D:2      | Got Sif Muna's Guide on Evil Secrets and Air
  1416 | D:2      | Noticed Natasha
  1426 | D:2      | HP: 2/40 [Natasha (5)]
  1427 | D:2      | Slain by Natasha

Illustrated notes

Levels and vault maps discovered:
D:1:      shiori_arrival_elements, layout_basic,
          hellmonk_ecumenical_altar_leap_of_faith, minmay_lizard_pond
D:2:      layout_rooms, serial_undead, serial_undead_e, serial_undead_d,
          serial_undead_e, serial_undead_f, hangedman_glass_teeth, uniq_natasha

Skill      XL: |  1  2  3 |
---------------+----------+-----
Axes           | 3 |  3.9
Shields        | 4 |  4.3
Armour         | 4 |  4.2
Dodging        | 1 |  1.5
Fighting       | 4 |  4.2

Action                   |  1- 3 |  4- 6 || total
-------------------------+-------+-------++-------
Melee: War axe           |    67 |    25 ||    92
       Headbutt          |     9 |     3 ||    12
  Use: Potion            |       |     1 ||     1
Armor: Scale mail        |    44 |     7 ||    51
Dodge: Dodged            |    29 |     9 ||    38
Block: Kite shield       |    46 |    12 ||    58

Table legend: (Time is in decaauts)
 A = Elapsed time spent in this place.
 B = Non-inter-level travel time spent in this place.
 C = Inter-level travel time spent in this place.
 D = Time resting spent in this place.
 E = Time spent auto-exploring this place.
 F = Levels seen in this place.
 G = Mean time per level.
                   A        B        C        D        E       F      G
               +--------+--------+--------+--------+--------+-----+--------+
         Total |   1478 |   1457 |     21 |      0 |   1199 |   2 |  739.0 |
       Dungeon |   1478 |   1457 |     21 |      0 |   1199 |   2 |  739.0 |
               +--------+--------+--------+--------+--------+-----+--------+

Top non-repeatable levels by time:
     D:1: 1011 daAuts
     D:2: 467 daAuts
